 Dungeon Crawl Stone Soup version 0.28-a0-1518-gbe868bca14 (webtiles) character file.

Game seed: 3728556880888371341

9 fragbeetle the Ruffian (level 2, 0/23 HPs)
             Began as a Draconian Transmuter on Jan 17, 2022.
             Slain by a worm (7 damage)
             ... on level 1 of the Dungeon.
             The game lasted 00:00:47 (550 turns).

fragbeetle the Ruffian (Draconian Transmuter)        Turns: 550, Time: 00:00:48

Health: 0/23       AC:  4    Str: 12    XL:     2   Next: 3%
Magic:  3/5        EV: 12    Int: 13    God:
Gold:   22         SH:  0    Dex: 11    Spells: 4/5 levels left

rFire   . . .      SeeInvis .     - Unarmed
rCold   . . .      Faith    .   (no shield)
rNeg    . . .      Spirit   .   (armour unavailable)
rPois   .          Reflect  .   (helmet currently unavailable)
rElec   .          Harm     .   (no cloak)
rCorr   .          Rampage  .   (no gloves)
Will    .....                   (boots currently unavailable)
Stlth   +.........              (no amulet)
HPRegen 0.07/turn               (no ring)
MPRegen 0.09/turn               (no ring)

@: appendages (expiring)
A: horns 2, talons 2, AC +4, unfitting armour, cold-blooded
a: End Transformation


You were on level 1 of the Dungeon.
You had temporarily grown beastly horns and talons.
You visited 1 branch of the dungeon, and saw 1 of its levels.

You collected 22 gold pieces.

Inventory:

Missiles
 a - 5 silver boomerangs
 b - 43 stones
Scrolls
 c - a scroll of silence {unknown}


   Skills:
 + Level 1.3 Fighting
 + Level 1.9 Dodging
 * Level 3.2 Unarmed Combat
 - Level 2.0 Spellcasting
 * Level 2.2 Transmutations


You had 4 spell levels left.
You knew the following spells:

 Your Spells              Type           Power      Damage    Failure   Level
a - Beastly Appendage     Tmut           14%        N/A       10%         1

Your spell library contained the following spells:

 Spells                   Type           Power      Damage    Failure   Level
 Wereblood                Tmut           7%         N/A       16%         2
 Spider Form              Tmut/Pois      4%         N/A       43%         3
 Ice Form                 Ice/Tmut       4%         N/A       85%         4


Dungeon Overview and Level Annotations

Branches:
Dungeon (1/15)

Altars:


Innate Abilities, Weirdness & Mutations

You have temporarily grown beastly horns and talons.
Your plain brown scales are hard. (AC +4)
You cannot fit into any form of body armour.
You are cold-blooded and may be slowed by cold attacks.


Message History

You grow a pair of large bovine horns.
Your feet morph into talons.
Your transformation is almost over.
The hobgoblin closely misses you.
You hit the hobgoblin. You claw the hobgoblin.
You kill the hobgoblin!
Your horns disappear.
Your talons disappear.
There is a stone staircase leading down here.
c - a scroll labelled ZEHUDGHA QAESK A rat comes into view.
You see here 9 gold pieces.
You grow a pair of large bovine horns.
Your feet morph into talons.
The rat closely misses you.
You barely miss the rat. Your kick misses the rat. You headbutt the rat.
You kill the rat!
Your transformation is almost over.
You see here a rat corpse.
Your horns disappear.
Your talons disappear.
You now have 22 gold pieces (gained 9).
You open the door.
There is an open door here.
A dart slug comes into view.
You grow a pair of large bovine horns.
Your feet morph into talons.
A worm comes into view.
Found a stone staircase leading down.
The dart slug launches a dart at you. The slug dart misses you.
The worm barely misses you.
You hit the dart slug. You claw the dart slug.
You headbutt the dart slug, but do no damage.
The dart slug is severely wounded.
The dart slug bites you. The worm bites you!
Ouch! That really hurt!
You hit the dart slug.
You kill the dart slug!
You have reached level 2!
You completely miss the worm. You claw the worm.
The worm is lightly wounded.
Your transformation is almost over.
The worm bites you!
You die...

## ####...#.#.....
##.....###...#.######
##....^..##...#.......
###....^....#...# ###.##
..#.^....>...##.####..##
........^...............
#.........# #.###....#
#..^.†w..^# #.#......+
#..!@...# #.##.....#
##^....## #.##.....#
###.##### #.##.....#
#####...#.# #†##.....#
.........#.###.##......
#####....'.....###....#
#....#.............
#....#........#####
#....#........#


You could see a worm.

Vanquished Creatures
  A dart slug (D:1)
  A hobgoblin (D:1)
  4 bats (D:1)
  A frilled lizard (D:1)
  A rat (D:1)
8 creatures vanquished.

Notes
Turn   | Place    | Note
-------+----------+-------------------------------------------
     0 | D:1      | fragbeetle the Draconian Transmuter began the quest for the
                  | Orb.
     0 | D:1      | Reached XP level 1. HP: 16/16 MP: 3/3
   550 | D:1      | Reached XP level 2. HP: 7/23 MP: 3/5
   550 | D:1      | Slain by a worm

Illustrated notes

Levels and vault maps discovered:
D:1:      matt_arrival_refuge, layout_basic, nicolae_wormholes

Action                   || total
-------------------------++-------
Melee: Unarmed           ||    28
       Kick              ||     7
       Headbutt          ||     3
       Tailslap          ||     1
 Cast: Beastly Appendage ||     9
Armor: Skin              ||     7
Dodge: Dodged            ||    31

Table legend: (Time is in decaauts)
 A = Elapsed time spent in this place.
 B = Non-inter-level travel time spent in this place.
 C = Inter-level travel time spent in this place.
 D = Time resting spent in this place.
 E = Time spent auto-exploring this place.
 F = Levels seen in this place.
 G = Mean time per level.
                   A        B        C        D        E       F      G
               +--------+--------+--------+--------+--------+-----+--------+
         Total |    548 |    548 |      0 |      0 |    448 |   1 |  548.0 |
       Dungeon |    548 |    548 |      0 |      0 |    448 |   1 |  548.0 |
               +--------+--------+--------+--------+--------+-----+--------+

Top non-repeatable levels by time:
     D:1: 548 daAuts
